 Dungeon Crawl Stone Soup version 0.25-a0-310-g60f0ac2d9a (webtiles) character file.

Game seed: 2022125962577337849, levelgen mode: classic

107 Borgoz the Cudgeler (level 4, 0/28 HPs)
             Began as a Gargoyle Berserker on Dec 24, 2019.
             Was a Follower of Trog.
             Slain by an adder (4 damage)
             ... on level 2 of the Dungeon.
             The game lasted 00:01:27 (1665 turns).

Borgoz the Cudgeler (Gargoyle Berserker)            Turns: 1665, Time: 00:01:28

Health: 0/28       AC:  7    Str: 21    XL:     4   Next: 85%
Magic:  4/4        EV: 12    Int:  7    God:    Trog [*.....]
Gold:   16         SH:  0    Dex: 10    Spells: 3/3 levels left

rFire    . . .     SeeInvis +   a - +0 mace
rCold    . . .     Gourm    .   (no shield)
rNeg     + . .     Faith    .   b - +0 animal skin
rPois    ∞         Spirit   .   (no helmet)
rElec    +         Reflect  .   (no cloak)
rCorr    .         Harm     .   (no gloves)
MR       .....                  f - +0 pair of boots
Stlth    +.........             (no amulet)
HPRegen  0.09/turn              d - ring of see invisible
MPRegen  0.09/turn              (no ring)

@: berserk cooldown, slowed, very slow
A: negative energy resistance 1, electricity resistance, unbreathing,
petrification resistance, rot immunity, AC +3
a: Berserk, Renounce Religion


You were on level 2 of the Dungeon.
You worshipped Trog.
Trog was aware of your devotion.
You were very hungry.

You visited 1 branch of the dungeon, and saw 2 of its levels.

You collected 16 gold pieces.

Inventory:

Hand Weapons
 a - a +0 mace (weapon)
Armour
 b - a +0 animal skin (worn)
 f - a +0 pair of boots (worn)
Jewellery
 d - a ring of see invisible (left hand)
Potions
 e - 3 potions of curing {unknown}
 g - a potion of brilliance {unknown}
 h - a potion of invisibility {unknown}
Comestibles
 c - 2 rations


   Skills:
 - Level 3.2 Fighting
 + Level 3.9 Maces & Flails
 + Level 3.5 Armour
 + Level 2.6 Dodging


You had 3 spell levels left.
You didn't know any spells.
Your spell library was empty.

Dungeon Overview and Level Annotations

Branches:
Dungeon (2/15)

Altars:


Innate Abilities, Weirdness & Mutations

You are resistant to torment.
Your stone body is resilient. (AC +3)
You are immune to poison.
You resist negative energy. (rN+)
You are resistant to electric shocks. (rElec)
You can survive without breathing.
You are immune to petrification.
You are immune to rotting.


Message History

* * * LOW HITPOINT WARNING * * *
The adder bites you but does no damage. The kobold closely misses you. x2
The adder bites you but does no damage. The adder bites you.
* * * LOW HITPOINT WARNING * * *
The adder bites you.
* * * LOW HITPOINT WARNING * * *
The adder bites you but does no damage. The adder completely misses you.
The bat misses you. The adder barely misses you. The adder misses you.
The adder misses you.
Okay, then.
Okay, then.
You closely miss the adder.
The adder is lightly wounded.
The adder closely misses you. The adder barely misses you.
You hit the adder.
The adder is severely wounded.
The adder bites you but does no damage. The adder bites you.
You die...

############################
....%..KKSS@................
##.[....b###########.######.
......††.# #.# #.
#.............. #.# #.
...#####....... #.# #. ..
'....... #.# #. . #.......
#.# #. #....... #.# #.
.##...). ... #.


You could see 2 adders, a bat and 2 kobolds.

Vanquished Creatures
  Jessica (D:2)
  Natasha (twice) (D:2)
  2 worms (D:2)
  A dart slug (D:1)
  2 leopard geckos (D:1)
  A giant cockroach (D:1)
  3 goblins (D:1)
  4 hobgoblins
  3 jackals (D:2)
  A kobold (D:1)
  A bat (D:1)
  A frilled lizard (D:2)
  A rat (D:1)
23 creatures vanquished.

Notes
Turn   | Place    | Note
-------+----------+-------------------------------------------
     0 | D:1      | Borgoz the Gargoyle Berserker began the quest for the Orb.
     0 | D:1      | Reached XP level 1. HP: 14/14 MP: 1/1
   423 | D:1      | Reached XP level 2. HP: 19/19 MP: 2/2
  1286 | D:2      | Noticed Jessica
  1289 | D:2      | Reached XP level 3. HP: 23/23 MP: 3/3
  1299 | D:2      | Killed Jessica
  1319 | D:2      | Noticed Natasha
  1330 | D:2      | Killed Natasha
  1330 | D:2      | Reached XP level 4. HP: 9/28 MP: 4/4
  1637 | D:2      | Noticed Natasha
  1647 | D:2      | Killed Natasha
  1665 | D:2      | Slain by an adder

Levels and vault maps discovered:
D:1:      dpeg_arrival_circle_labyrinth_c, layout_loops_ring
D:2:      layout_basic, first_ration, minmay_tetromino_l4, uniq_natasha,
          uniq_robin, uniq_jessica

Skill      XL: |  1  2  3 |
---------------+----------+-----
Dodging        | 2 |  2.6
Armour         | 3 |  3.5
Fighting       | |  3.2
Maces & Flails | |  3.9

Action                   |  1- 3 |  4- 6 || total
-------------------------+-------+-------++-------
Melee: Mace              |    73 |    24 ||    97
       Unarmed           |     5 |       ||     5
Invok: Berserk           |     1 |     1 ||     2
 Stab: Sleeping          |       |     1 ||     1
  Eat: Chunk             |     1 |     2 ||     3
Armor: Animal skin       |    35 |    33 ||    68
Dodge: Dodged            |    59 |    57 ||   116

Table legend:
 A = Non-vault XP
 B = Vault XP
 C = Vault XP percentage of total XP
 D = Non-vault monster count
 E = Vault monster count
 F = Vault count percentage of total count
                 A         B        C        D         E       F
            +---------+---------+-------+---------+---------+-------
      Total |      80 |      73 |  47.7 |      21 |       2 |   8.7
            +---------+---------+-------+---------+---------+-------
        D:1 |      28 |       0 |   0.0 |      13 |       0 |   0.0
        D:2 |      52 |      73 |  58.4 |       8 |       2 |  20.0
            +---------+---------+-------+---------+---------+-------
